 Dungeon Crawl Stone Soup version 0.32-a0-747-gc8563f6773 (webtiles) character file.

Game seed: 10727305857243924969

32285 CrabMaster the Fighter (level 13, -11/104 (109) HPs)
             Began as a Demonspawn Gladiator on Mar 12, 2024.
             Was a High Priest of Yredelemnul.
             Mangled by a +4 broad axe of Xatarat {chaos, rElec Str+3} (26 damage)
             ... on level 3 of the Lair of Beasts on Mar 17, 2024.
             The game lasted 02:43:25 (16564 turns).

CrabMaster the Fighter (Demonspawn Gladiator)      Turns: 16564, Time: 02:43:25

HP:   -11/104 (109) AC: 16    Str: 25    XL:     13   Next: 30%
MP:   15/22         EV: 10    Int:  8    God:    Yredelemnul [*****.]
Gold: 1239          SH:  0    Dex: 16    Spells: 12/12 levels left

rFire   . . .        V - +0 demon whip (venom)
rCold   . . .        (no shield)
rNeg    . . .        r - +0 shadow dragon scales
rPois   +            (helmet unavailable)
rElec   .            (no cloak)
rCorr   .            (no gloves)
SInv    +            I - +0 pair of boots
Will    .....        Q - amulet of regeneration
Stlth   ++++         q - +6 ring of strength
HPRegen 1.17/turn    w - ring of poison resistance
MPRegen 0.18/turn

%: no passive effects
@: wreathed by umbra, lightly drained
A: antennae 3, hooves 2, foul stench 1, condensation shield, weakness stinger 2
a: Renounce Religion, Light the Black Torch, Recall Undead Harvest, Hurl
Torchlight, Bind Soul, Fathomless Shackles


You were on level 3 of the Lair of Beasts.
You worshipped Yredelemnul.
Yredelemnul was pleased with you.
You visited 2 branches of the dungeon, and saw 14 of its levels.

You collected 1239 gold pieces.

Inventory:

Hand Weapons
 G - a +0 whip of electrocution
 L - a +0 battleaxe of electrocution
 S - a +0 morningstar
 V - a +0 demon whip of venom (weapon)
Missiles
 c - 54 poisoned darts
 d - 8 throwing nets (quivered)
 e - 7 javelins
Armour
 r - +0 shadow dragon scales (worn)
 I - a +0 pair of boots (worn)
 M - a +1 scale mail of cold resistance
 N - a +2 ring mail of willpower
Jewellery
 i - an amulet of the acrobat
 q - a +6 ring of strength (left hand)
 w - a ring of poison resistance (right hand)
 P - a ring of flight
 Q - an amulet of regeneration (around neck)
 R - an amulet of faith
Wands
 f - a wand of flame (5)
 s - a wand of paralysis (4)
 u - a wand of roots (25)
 x - a wand of acid (4)
 C - a wand of digging (5)
Scrolls
 h - 5 scrolls of fog
 k - 4 scrolls of amnesia
 n - 2 scrolls of butterflies {unknown}
 t - 5 scrolls of enchant weapon {unknown}
 v - 3 scrolls of teleportation
 z - a scroll of poison {unknown}
 B - a scroll of torment {unknown}
 D - 2 scrolls of fear
 E - 2 scrolls of enchant armour
 F - 3 scrolls of immolation
 O - a scroll of revelation {unknown}
 U - a scroll of silence {unknown}
Potions
 a - a potion of might
 b - 5 potions of heal wounds
 g - 3 potions of curing
 j - 4 potions of enlightenment
 l - 2 potions of cancellation
 m - 3 potions of lignification
 o - 5 potions of berserk rage
 p - 2 potions of invisibility
 A - a potion of mutation
 H - a potion of attraction {unknown}
 J - a potion of magic {unknown}
 K - a potion of haste {unknown}
 T - a potion of resistance {unknown}


   Skills:
 + Level 12.7 Fighting
 - Level 4.1(8.6) Axes
 - Level 11.6(12.0) Maces & Flails
 - Level 1.8 Throwing
 + Level 8.9 Armour
 - Level 5.4 Dodging
 - Level 12.0 Invocations


You had 12 spell levels left.
You didn't know any spells.
Your spell library contained the following spells:

 Spells                   Type           Power      Damage    Failure   Level
 Magic Dart               Conj           0%         1d3       92%         1
 Ensorcelled Hibernation  Hex/Ice        0%         N/A       98%         2
 Jinxbite                 Hex            0%         N/A       98%         2
 Mercury Vapours          Alch/Air       0%         N/A       98%         2
 Searing Ray              Conj           0%         2d4       98%         2
 Sublimation of Blood     Necr           0%         N/A       98%         2
 Call Canine Familiar     Summ           0%         N/A       100%        3
 Mephitic Cloud           Conj/Alch/Air  0%         N/A       100%        3
 Passwall                 Erth           0%         N/A       100%        3
 Sigil of Binding         Hex            0%         N/A       100%        3
 Swiftness                Air            0%         N/A       100%        3
 Tukima's Dance           Hex            0%         N/A       100%        3
 Dimensional Bullseye     Hex/Tloc       0%         N/A       100%        4
 Fulminant Prism          Conj/Alch      0%         3d5       100%        4
 Iskenderun's Mystic Bla  Conj/Tloc      0%         2d3       100%        4
 Petrify                  Alch/Erth      0%         N/A       100%        4
 Freezing Cloud           Conj/Ice/Air   0%         6-21      100%        5
 Irradiate                Conj/Alch      0%         3d11      100%        5
 Yara's Violent Unravell  Hex/Alch       0%         3d3       100%        5
 Enfeeble                 Hex            0%         N/A       100%        7


Dungeon Overview and Level Annotations

Branches:
Dungeon (11/15)            Temple (0/1) D:6            Lair (3/5) D:11
  Swamp (0/4) Lair:2       Spider (0/4) Lair:3
    Orc: D:9-12

Altars:
Fedhas
Kikubaaqudgha
Makhleb
Okawaru
Qazlal
Ru
Trog
Xom
Yredelemnul
Beogh

Shops:
D:2 *   D:5 [   D:8 (   D:10 :

Annotations:
D:5 2 runed translucent doors
D:8 1 runed translucent door
D:9 exclusion: 3 oklob plants


Innate Abilities, Weirdness & Mutations

You have a pair of large antennae on your head. (SInv)
You have hoof-like feet.
You may rarely emit foul miasma when damaged in melee.
A meltable shield of frost defends you. (SH +0)
You have a tail ending in a sharp stinger.


Message History

You are electrocuted!
The +4 broad axe of Xatarat {chaos, rElec Str+3} hits your cane toad zombie.
The +4 broad axe of Xatarat {chaos, rElec Str+3} hits your wolf zombie!!
The +4 broad axe of Xatarat {chaos, rElec Str+3} burns your wolf zombie.
Your wolf zombie is destroyed!
Your cane toad zombie hits the +4 broad axe of Xatarat {chaos, rElec Str+3}.
You whack the +4 broad axe of Xatarat {chaos, rElec Str+3}!
The +4 broad axe of Xatarat {chaos, rElec Str+3} is almost destroyed.
The +4 broad axe of Xatarat {chaos, rElec Str+3} hits you!
The +4 broad axe of Xatarat {chaos, rElec Str+3} hits your cane toad zombie.
The +4 broad axe of Xatarat {chaos, rElec Str+3} hits your redback zombie!!
Your redback zombie convulses.
Aiming: Hurl Torchlight
Press: ? - help, Shift-Dir - straight line, f - redback zombie
Aim: a redback zombie (severely damaged, strong, friendly, umbra)
The gout of umbral fire explodes!
The umbral torchlight engulfs your redback zombie.
Your redback zombie is severely damaged.
Your redback zombie is empowered.
The umbral torchlight engulfs your dream sheep zombie.
Your dream sheep zombie is heavily damaged.
Your dream sheep zombie is empowered.
The umbral torchlight engulfs the +4 broad axe of Xatarat {chaos, rElec Str+3}.
The +4 broad axe of Xatarat {chaos, rElec Str+3} completely resists.
The +4 broad axe of Xatarat {chaos, rElec Str+3} is almost destroyed.
The umbral torchlight engulfs your cane toad zombie.
Your cane toad zombie is almost destroyed.
Your cane toad zombie is empowered.
The umbral torchlight engulfs you but does no damage.
Your redback zombie barely misses the +4 broad axe of Xatarat {chaos, rElec Str+3}.
Your cane toad zombie hits the +4 broad axe of Xatarat {chaos, rElec Str+3} but does no damage.
Your redback zombie bites the +4 broad axe of Xatarat {chaos, rElec Str+3} but does no damage.
The +4 broad axe of Xatarat {chaos, rElec Str+3} hits you!!
* * * LOW HITPOINT WARNING * * *
The +4 broad axe of Xatarat {chaos, rElec Str+3} barely misses your redback zombie.
Your redback zombie bites the +4 broad axe of Xatarat {chaos, rElec Str+3} but does no damage.
The +4 broad axe of Xatarat {chaos, rElec Str+3} attacks as it pursues you!
The +4 broad axe of Xatarat {chaos, rElec Str+3} hits you!!
You die...
Your body rises from the dead as a mindless zombie.

Z............ZZ.........#ZZ......
.............###.........#{#.....
....<........##P...#.##..###.....
...........####.....###Z.####....
...........# #...Z####....# #....
...........####..Z#?##...## #....
..........###....Z'_.#ZZ.# ##P..
..........# ###..(#.##Z..# ###.
.......##.# ##@.###....# #Z.
......###.# ##........# ##.#
.......#### #........## #.##
..#..### ##.......# ###
.################.......####
..###.#...#.#.#...........P######
...##.....................P##....
..........................PP#....
..........................P.P<...


You could see a +4 broad axe of Xatarat {chaos, rElec Str+3} (ally target), a
friendly cane toad zombie (strong, confused), a friendly redback zombie (strong)
and a friendly dream sheep zombie (strong).

Vanquished Creatures
  An eleionoma (Lair:2)
  The ghost of DeathSocks the Slicer, a journeyman VSDe of Gozag (Lair:3)
  2 boulder beetles
  A two-headed ogre (D:9)
  Amaemon (Lair:3)
  A wolf spider (Lair:3)
  A black mamba (Lair:2)
  5 cane toads
  A kobold demonologist (D:10)
  3 komodo dragons
  2 trolls
  2 polar bears
  2 hornets
  Prince Ribbit (D:7)
  2 dream sheep (Lair:3)
  5 blink frogs (Lair:2)
  A shadow (D:11)
  Sigmund (D:4)
  24 yaks
  Eustachio (D:4)
  A wyvern (D:9)
  The ghost of asd2613 the Slasher, an amateur DsGl (D:4)
  2 redbacks (Lair:3)
  2 vampire mosquitoes (D:11)
  A steam dragon (D:6)
  4 water moccasins
  A black bear (D:5)
  5 orc warriors
  4 ogres (D:11)
  A sky beast (D:7)
  3 ice beasts
  16 wolves
  2 centaurs (D:5)
  5 kobold brigands
  A gnoll sergeant (D:3)
  8 bullfrogs
  3 scorpions
  A wight (D:6)
  8 killer bees
  5 howler monkeys
  A jelly (D:6)
  8 orc priests
  A bombardier beetle (D:5)
  6 hounds
  Natasha (thrice) (D:3)
  A gnoll bouda (D:8)
  5 iguanas
  14 orc wizards
  A hound zombie (D:4)
  18 gnolls
  7 adders
  2 shadow imps
  3 ufetubi (D:6)
  An adder zombie (D:4)
  A dart slug (D:1)
  5 ribbon worms
  53 orcs
  5 endoplasms
  3 giant cockroaches
  7 goblins
  3 hobgoblins
  26 jackals
  7 quokkas
  12 ball pythons
  8 bats
  2 frilled lizards
  19 kobolds
  4 rats
358 creatures vanquished.

Vanquished Creatures (collateral kills)
  Snorg (D:11)
  A hydra (Lair:2)
  Fannar (Lair:2)
  A two-headed ogre (D:11)
  Lodul (D:11)
  2 cyclopes (D:11)
  An orange demon (Lair:3)
  A cane toad (Lair:1)
  A komodo dragon (Lair:1)
  A polar bear (Lair:3)
  A troll (D:11)
  4 dream sheep (Lair:3)
  3 blink frogs (Lair:2)
  16 yaks
  Grum (D:11)
  A basilisk (Lair:1)
  A redback (Lair:3)
  4 water moccasins
  An ice beast (D:6)
  2 centaurs
  6 ogres
  7 wolves
  A phantom (D:7)
  3 bullfrogs
  5 wights
  2 killer bees (D:9)
  A howler monkey (D:11)
  A hound (D:11)
  2 orc priests (D:7)
  2 orc wizards (D:4)
  5 gnolls
  2 adders (D:6)
  A white imp (D:7)
  2 ufetubi (D:6)
  2 ribbon worms
  28 orcs
  7 kobolds
122 creatures vanquished.

Vanquished Creatures (others)
  A boulder beetle zombie (D:11)
  A spectral kobold (D:10)
  A hornet zombie (D:9)
  2 dream sheep zombies (Lair:3)
  A blink frog zombie (Lair:2)
  A komodo dragon zombie (Lair:3)
  A wyvern zombie (D:9)
  A troll zombie (D:10)
  5 yak zombies
  7 wolf zombies
  2 bullfrog zombies (D:8)
  A centaur zombie (D:8)
  4 killer bee zombies
  4 hound zombies
  2 ribbon worm zombies
  37 orc zombies
  2 adder zombies
  A ball python zombie (D:6)
  3 gnoll zombies
  13 kobold zombies
90 creatures vanquished.

Grand Total: 570 creatures vanquished

Notes
Turn   | Place    | Note
-------+----------+-------------------------------------------
     0 | D:1      | CrabMaster the Demonspawn Gladiator began the quest for the
                  | Orb.
     0 | D:1      | Reached XP level 1. HP: 16/16 MP: 1/1
   157 | D:1      | Discovered your monstrous ancestry.
   157 | D:1      | Gained mutation: You have a small tail. [demonic ancestry]
   157 | D:1      | Reached XP level 2. HP: 22/22 MP: 2/2
   439 | D:1      | Gained mutation: You have large cloven feet. [demonic
                  | ancestry]
   439 | D:1      | Reached XP level 3. HP: 27/28 MP: 3/3
   900 | D:2      | Found Raerph Kihe's General Store.
  1628 | D:3      | Noticed Natasha
  1635 | D:3      | Killed Natasha
  1636 | D:3      | Reached skill level 1 in Armour
  1636 | D:3      | Gained mutation: You have a tail ending in a sharp stinger.
                  | [demonic ancestry]
  1636 | D:3      | Reached XP level 4. HP: 29/35 MP: 4/4
  1848 | D:3      | Noticed Natasha
  1856 | D:3      | Killed Natasha
  1938 | D:3      | Gained mutation: You have a pair of small antennae on your
                  | head. [demonic ancestry]
  1938 | D:3      | Reached XP level 5. HP: 39/41 MP: 5/5
  2285 | D:3      | Found an iron altar of Okawaru.
  2285 | D:3      | Noticed Natasha
  2623 | D:3      | Killed Natasha
  2685 | D:3      | Gained mutation: You have a pair of antennae on your head.
                  | [demonic ancestry]
  2685 | D:3      | Reached XP level 6. HP: 28/49 MP: 6/6
  3341 | D:3      | Reached skill level 5 in Fighting
  3561 | D:3      | Gained mutation: You have hoof-like feet. [demonic
                  | ancestry]
  3561 | D:3      | Reached XP level 7. HP: 54/56 MP: 7/7
  3926 | D:4      | Noticed Sigmund
  4285 | D:4      | Noticed Eustachio
  4307 | D:4      | Killed Eustachio
  4308 | D:4      | Reached skill level 1 in Maces & Flails
  4390 | D:4      | Found a runed translucent gate.
  4390 | D:4      | Found a runed translucent gate.
  4390 | D:4      | Found a runed translucent gate.
  4390 | D:4      | Noticed asd2613's ghost (amateur DsGl)
  4391 | D:4      | Found a basalt altar of Yredelemnul.
  4431 | D:4      | Became a worshipper of Yredelemnul the Fallen
  4548 | D:4      | Gained mutation: You have a pair of large antennae on your
                  | head. (SInv) [demonic ancestry]
  4548 | D:4      | Reached XP level 8. HP: 59/64 MP: 8/8
  4663 | D:4      | Killed Sigmund
  4664 | D:4      | Reached skill level 5 in Armour
  4945 | D:4      | Killed asd2613's ghost
  5125 | D:5      | Entered Level 5 of the Dungeon
  5161 | D:5      | Upgraded the game from 0.32-a0-685-g93135e86f0 to
                  | 0.32-a0-699-g1ee5eff69a
  5282 | D:5      | Found an ancient bone altar of Kikubaaqudgha.
  5291 | D:5      | Reached * piety under Yredelemnul
  5612 | D:5      | Found a bloodstained altar of Trog.
  5678 | D:5      | Found Mempeosch's Antique Armour Shop.
  5705 | D:5      | Found a runed translucent door.
  5710 | D:5      | Found a runed translucent door.
  5729 | D:5      | Reached XP level 9. HP: 58/72 MP: 9/9
  5909 | D:5      | Found a blossoming altar of Fedhas.
  6294 | D:6      | Found a staircase to the Ecumenical Temple.
  6325 | D:6      | Found a sacrificial altar of Ru.
  6370 | D:6      | Noticed a boulder beetle
  6386 | D:6      | Reached ** piety under Yredelemnul
  6400 | D:6      | Killed a boulder beetle
  6401 | D:6      | Reached skill level 5 in Maces & Flails
  6401 | D:6      | Reached skill level 5 in Dodging
  6614 | D:6      | Reached skill level 1 in Invocations
  7494 | D:7      | Noticed Prince Ribbit
  7502 | D:7      | Killed Prince Ribbit
  7503 | D:7      | Gained mutation: A meltable shield of frost defends you.
                  | (SH +0) [demonic ancestry]
  7503 | D:7      | Reached XP level 10. HP: 70/83 MP: 12/12
  7515 | D:7      | Upgraded the game from 0.32-a0-699-g1ee5eff69a to
                  | 0.32-a0-705-g60f233581c
  8275 | D:7      | Upgraded the game from 0.32-a0-705-g60f233581c to
                  | 0.32-a0-711-g016ad743e0
  8313 | D:8      | Found Lesm's Antique Weapon Emporium.
  8366 | D:8      | Found an ancient bone altar of Kikubaaqudgha.
  8369 | D:8      | Found a burning altar of Makhleb.
  8785 | D:8      | Reached skill level 5 in Invocations
  9095 | D:8      | Reached *** piety under Yredelemnul
  9467 | D:8      | Noticed a rakshasa
  9467 | D:8      | Noticed a manticore
  9468 | D:8      | Found a runed translucent door.
  9470 | D:8      | Noticed a green ugly thing
  9547 | D:9      | Reached skill level 10 in Fighting
  9656 | D:9      | Found a stormy altar of Qazlal.
  9838 | D:9      | Noticed an oklob plant
  9841 | D:9      | Noticed an oklob plant
  9854 | D:9      | Noticed an oklob plant
 10329 | D:9      | Paralysed by an orc for 5 turns
 10499 | D:9      | Reached XP level 11. HP: 49/93 MP: 14/14
 10630 | D:9      | Noticed a two-headed ogre
 10643 | D:9      | Killed a two-headed ogre
 11225 | D:10     | Entered Level 10 of the Dungeon
 11243 | D:10     | Found a roughly hewn altar of Beogh.
 11401 | D:10     | Found Tilaa's Vocational Training.
 11421 | D:10     | Reached **** piety under Yredelemnul
 11469 | D:10     | Noticed a sun demon
 12227 | D:11     | Noticed Snorg
 12240 | D:11     | Killed Snorg
 12308 | D:11     | Noticed a boulder beetle
 12334 | D:11     | Killed a boulder beetle
 12361 | D:11     | Found a staircase to the Lair.
 12749 | D:11     | Noticed a two-headed ogre
 12766 | D:11     | Reached skill level 10 in Maces & Flails
 12778 | D:11     | Killed a two-headed ogre
 12794 | D:11     | Identified the staff "Ufeff" {rElec Will+ Stlth+ Air}
 12981 | D:11     | Noticed Lodul
 12987 | D:11     | Gained mutation: You may rarely emit foul miasma when
                  | damaged in melee. [demonic ancestry]
 12987 | D:11     | Reached XP level 12. HP: 83/102 MP: 18/18
 12999 | D:11     | Noticed Grum
 13001 | D:11     | Reached ***** piety under Yredelemnul
 13005 | D:11     | Killed Lodul
 13013 | D:11     | Killed Grum
 13553 | D:11     | Upgraded the game from 0.32-a0-711-g016ad743e0 to
                  | 0.32-a0-747-gc8563f6773
 13677 | Lair:1   | Entered Level 1 of the Lair of Beasts
 14243 | Lair:1   | Reached skill level 10 in Invocations
 14374 | Lair:1   | Identified the +5 ring mail "Hyton" {Fly Slay+6}
 14593 | Lair:2   | Noticed an eleionoma
 14612 | Lair:2   | Killed an eleionoma
 14622 | Lair:2   | Found a staircase to the Swamp.
 14684 | Lair:2   | Noticed Fannar
 14699 | Lair:2   | Killed Fannar
 14871 | Lair:2   | Noticed a four-headed hydra
 15376 | Lair:2   | Killed a four-headed hydra
 15644 | Lair:3   | Noticed Amaemon
 15657 | Lair:3   | Reached XP level 13. HP: 74/108 MP: 21/21
 15665 | Lair:3   | Killed Amaemon
 15774 | Lair:3   | Found a hole to the Spider Nest.
 15885 | Lair:3   | Found a runed translucent door.
 15887 | Lair:3   | Found a shimmering altar of Xom.
 15887 | Lair:3   | Noticed DeathSocks's ghost (journeyman VSDe)
 15888 | Lair:3   | Identified the +4 broad axe of Xatarat {chaos, rElec Str+3}
 16553 | Lair:3   | Killed DeathSocks's ghost
 16564 | Lair:3   | Mangled by a +4 broad axe of Xatarat {chaos, rElec Str+3}

Illustrated notes

Levels and vault maps discovered:
D:1:      eino_arrival_water_cross, layout_loops_ring
D:2:      layout_basic, serial_shops, shop, serial_curves, eino_curves_03,
          eino_curves_04, eino_curves_02, eino_curves_01
D:3:      lemuel_castle_with_subvaults [lemuel_castle_interior_carwin_2],
          layout_basic, lemuel_tele_altar, minmay_bisected, uniq_natasha
D:4:      layout_rooms, nicolae_yredelemnul_ghost_church,
          minmay_a_box_with_orc_wizards_in_it, uniq_sigmund, uniq_eustachio
D:5:      lemuel_insect_pit, layout_cave_pools, fedhas_bush_and_centaur_altar,
          serial_shops, nicolae_shop_advertising_works
          [nicolae_subvault_shop_adworks], st_stairs_11, grunt_decor_clamped,
          hangedman_feature_mirror, nicolae_wormholes
D:6:      minmay_recursive_quarters, layout_basic,
          nicolae_ru_great_annihilating_truth, minmay_temple_entry_grid,
          minmay_crystal_room
D:7:      layout_basic, palyth_stone_intersect, uniq_prince_ribbit1
D:8:      minmay_gate_of_8, layout_loops_corners, jmf_multi_god_temple,
          serial_shops, shop
D:9:      layout_stronghold, mainiacjoe_overflow_tiny_flanked, disabler_island
D:10:     layout_roguey [special_room_orc], nicolae_shop_vocational
D:11:     layout_gridville, erik_lair_island, uniq_snorg, uniq_lodul, uniq_grum
Lair:1:   layout_chaotic_city
Lair:2:   layout_roguey, alex1729_swamp_entry_worm_eleionoma,
          grunt_megastairs_5, uniq_fannar
Lair:3:   layout_hall_layers, spider_nest_entry_funnel_web, ebering_ghost_xom,
          uniq_amaemon

Skill      XL: |  1  2  3  4  5  6  7  8  9 10 11 12 13 |
---------------+----------------------------------------+-----
Axes           | 3 4 |  4.1
Dodging        | 3 4 5 |  5.4
Fighting       | 3 4 5 6 7 9 11 12 | 12.7
Armour         | 1 2 3 4 5 7 8 |  8.9
Maces & Flails | 1 4 6 8 10 11 | 11.6
Invocations    | 3 5 8 11 12 | 12.0
Throwing       | |  1.8

Action                     |  1- 3 |  4- 6 |  7- 9 | 10-12 | 13-15 || total
---------------------------+-------+-------+-------+-------+-------++-------
  Melee: War axe           |    63 |       |       |       |       ||    63
         Tailslap          |    10 |    28 |    52 |   125 |    32 ||   247
         Dagger            |    49 |   180 |       |       |       ||   229
         Kick              |    15 |    56 |   102 |       |       ||   173
         Whip              |       |    16 |   323 |   673 |    48 ||  1060
         Demon whip        |       |       |       |       |    80 ||    80
 Invoke: Light the Black T |       |       |     4 |     7 |       ||    11
         Hurl Torchlight   |       |       |       |     2 |     2 ||     4
         Bind Soul         |       |       |       |     1 |       ||     1
    Use: Scroll            |       |       |     8 |     8 |       ||    16
         Potion            |       |       |       |     1 |       ||     1
   Stab: Distracted        |       |       |     4 |    12 |     6 ||    22
         Invisible         |       |       |     1 |       |       ||     1
         Paralysed         |       |       |     1 |       |       ||     1
         Sleeping          |       |       |       |     1 |       ||     1
 Armour: Leather armour    |    45 |       |       |       |       ||    45
         Scale mail        |     8 |    33 |       |       |       ||    41
         Chain mail        |       |    83 |   210 |    36 |       ||   329
         Plate armour      |       |       |       |   135 |       ||   135
         Shadow dragon sca |       |       |       |   200 |    85 ||   285
  Dodge: Dodged            |    89 |   100 |   203 |   318 |    53 ||   763
  Block: Other             |       |       |       |    84 |    15 ||    99

Table legend: (Time is in decaauts)
 A = Elapsed time spent in this place.
 B = Non-inter-level travel time spent in this place.
 C = Inter-level travel time spent in this place.
 D = Time resting spent in this place.
 E = Time spent auto-exploring this place.
 F = Levels seen in this place.
 G = Mean time per level.
                   A        B        C        D        E       F      G
               +--------+--------+--------+--------+--------+-----+--------+
         Total |  16250 |  15609 |    641 |   2966 |   5403 |  14 | 1160.7 |
       Dungeon |  13501 |  12913 |    588 |   2763 |   4105 |  11 | 1227.4 |
          Lair |   2749 |   2696 |     53 |    203 |   1298 |   3 |  916.3 |
               +--------+--------+--------+--------+--------+-----+--------+

Top non-repeatable levels by time:
     D:3: 2444 daAuts
     D:9: 1636 daAuts
    D:11: 1326 daAuts
     D:8: 1258 daAuts
     D:6: 1233 daAuts
     D:5: 1123 daAuts
     D:4: 1079 daAuts
    D:10: 1009 daAuts
  Lair:2: 980 daAuts
  Lair:3: 891 daAuts
     D:1: 886 daAuts
  Lair:1: 877 daAuts
     D:7: 758 daAuts
     D:2: 744 daAuts
